 Dungeon Crawl Stone Soup version 0.30-a0-1122-g620db56ad9 (webtiles) character file.

Game seed: 725830641705510948

2 zaran the Sneak (level 1, 0/10 HPs)
             Began as a Kobold Enchanter on Apr 22, 2023.
             Slain by an endoplasm (1 damage)
             ... on level 1 of the Dungeon.
             The game lasted 00:01:31 (99 turns).

zaran the Sneak (Kobold Enchanter)                    Turns: 99, Time: 00:01:32

Health: 0/10       AC:  2    Str:  5    XL:     1   Next: 33%
Magic:  3/3        EV: 15    Int: 16    God:
Gold:   29         SH:  0    Dex: 15    Spells: 4/4 levels left

rFire   . . .        a - +1 dagger
rCold   . . .        (no shield)
rNeg    . . .        b - +0 robe
rPois   .            (no helmet)
rElec   .            (no cloak)
rCorr   .            (no gloves)
SInv    .            (no boots)
Will    .....        (no amulet)
Stlth   ++++         (no ring)
HPRegen 0.21/turn    (no ring)
MPRegen 0.08/turn

%: no passive effects
@: invisible
A: small, no large weapons, nightstalker 3
a: no special abilities


You were on level 1 of the Dungeon.
You visited 1 branch of the dungeon, and saw 1 of its levels.

You collected 29 gold pieces.

Inventory:

Hand Weapons
 a - a +1 dagger (weapon)
Armour
 b - a +0 robe (worn)
Scrolls
 d - a scroll of magic mapping {unknown}
 f - 2 scrolls of identify {unknown}
Potions
 c - a potion of invisibility
 e - a potion of curing {unknown}
 g - a potion of brilliance {unknown}


   Skills:
 + Level 1.3 Short Blades
 + Level 2.4 Dodging
 + Level 4.1 Stealth
 + Level 2.2 Spellcasting
 + Level 3.0 Hexes


You had 4 spell levels left.
You didn't know any spells.
Your spell library contained the following spells:

 Spells                   Type           Power      Damage    Failure   Level
 Ensorcelled Hibernation  Hex/Ice        12%        N/A       17%         2
 Confusing Touch          Hex            11%        N/A       17%         3
 Tukima's Dance           Hex            11%        N/A       17%         3
 Dazzling Flash           Conj/Hex       12%        N/A       32%         3
 Spider Form              Tmut/Pois      1%         N/A       52%         3
 Anguish                  Hex/Necr       3%         N/A       73%         4


Dungeon Overview and Level Annotations

Branches:
Dungeon (1/15)

Altars:


Innate Abilities, Weirdness & Mutations

You are small and have problems with some larger weapons.
You are completely attuned to the shadows.


Message History

Found a purple potion.
The helpless goblin fails to defend itself.
You impale the goblin!!
You kill the goblin!
Found 10 gold pieces.
Things that are here:
a +0 club; a goblin corpse
g - a purple potion
Things that are here:
a +0 club; a goblin corpse
Okay, then.
Found a book of Dreams.
You now have 21 gold pieces (gained 10).
You pick up a book of Dreams and begin reading...
You add the spells Spider Form and Anguish to your library.
You don't know any spells.
You don't know any spells.
You don't know any spells.
A frilled lizard comes into view.
Found 8 gold pieces.
The helpless frilled lizard fails to defend itself.
You puncture the frilled lizard!
You kill the frilled lizard!
You now have 29 gold pieces (gained 8).
Found a stone staircase leading down.
Found a bubbling amethyst potion.
There is a stone staircase leading down here.
An endoplasm comes into view.
The endoplasm quivers.
The endoplasm hits you.
You hit the endoplasm but do no damage. The endoplasm freezes you.
You are frozen.
You hit the endoplasm but do no damage. The endoplasm hits you.
You don't know any spells.
You fade into invisibility!
The endoplasm freezes you.
* * * LOW HITPOINT WARNING * * *
The endoplasm attacks as you move away! The endoplasm hits you.
You die...

#. #..##..........#
#.###..####.#####
##.#............#
.....##.####.##.# #
#............##>##.#
#..♣♣♣♣♣♣♣♣♣.#...#.#.
#.♣..PP..PP♣.........
..♣...P..PP♣.#!..#..
..♣P...PP..♣.#..@#..
#.♣PP...P..♣.....J..#
#.♣..P.<.PP♣.........
#.♣..PP...P♣.........
..♣PP..P...♣.#...####
♣PP..PP..♣ ♣♣♣♣♣♣♣♣♣.


You could see an endoplasm.

Vanquished Creatures
  A goblin (D:1)
  A frilled lizard (D:1)
2 creatures vanquished.

Notes
Turn   | Place    | Note
-------+----------+-------------------------------------------
     0 | D:1      | zaran the Kobold Enchanter began the quest for the Orb.
     0 | D:1      | Reached XP level 1. HP: 10/10 MP: 3/3
    99 | D:1      | Slain by an endoplasm

Illustrated notes

Levels and vault maps discovered:
D:1:      scummos_arrival_checkerplants, layout_loops_ring

Action                     || total
---------------------------++-------
  Melee: Dagger            ||     4
    Use: Potion            ||     1
   Stab: Sleeping          ||     2

Table legend: (Time is in decaauts)
 A = Elapsed time spent in this place.
 B = Non-inter-level travel time spent in this place.
 C = Inter-level travel time spent in this place.
 D = Time resting spent in this place.
 E = Time spent auto-exploring this place.
 F = Levels seen in this place.
 G = Mean time per level.
                   A        B        C        D        E       F      G
               +--------+--------+--------+--------+--------+-----+--------+
         Total |     98 |     63 |     35 |      0 |      0 |   1 |   98.0 |
       Dungeon |     98 |     63 |     35 |      0 |      0 |   1 |   98.0 |
               +--------+--------+--------+--------+--------+-----+--------+

Top non-repeatable levels by time:
     D:1: 98 daAuts
